 Dungeon Crawl Stone Soup version 0.25-a0-578-gc91f01c39c (webtiles) character file.

Game seed: 8684501175070209766, levelgen mode: deterministic

117 Eurus the Conjurer (level 4, -5/30 HPs)
             Began as a Mummy Conjurer on Mar 4, 2020.
             Slain by a hippogriff (9 damage)
             ... on level 4 of the Dungeon.
             The game lasted 00:06:19 (2903 turns).

Eurus the Conjurer (Mummy Conjurer)                 Turns: 2903, Time: 00:06:19

Health: -5/30      AC:  2    Str: 11    XL:     4   Next: 71%
Magic:  1/10       EV: 12    Int: 15    God:
Gold:   111        SH:  0    Dex: 12    Spells: 8/11 levels left

rFire    x . .     SeeInvis .   j - +0 dagger
rCold    + . .     Gourm    .   (no shield)
rNeg     + + +     Faith    .   a - +0 robe
rPois    ∞         Spirit   .   (no helmet)
rElec    .         Reflect  .   (no cloak)
rCorr    .         Harm     .   (no gloves)
MR       .....                  (no boots)
Stlth    ++........             (no amulet)
HPRegen  0.10/turn              (no ring)
MPRegen  0.12/turn              (no ring)

@: no status effects
A: no food or potions, fire vulnerability, cold resistance 1, negative energy
resistance 3, torment resistance, unbreathing
a: no special abilities


You were on level 4 of the Dungeon.
You were not hungry.

You visited 1 branch of the dungeon, and saw 4 of its levels.

You collected 111 gold pieces.

Inventory:

Hand Weapons
 c - a +0 club
 h - a +2 dagger of venom
 j - a +0 dagger (weapon)
 m - a +0 whip of flaming
Armour
 a - a +0 robe (worn)
Jewellery
 f - an uncursed ring of flight {unknown}
 i - a cursed ring of attention {unknown}
Scrolls
 b - 5 scrolls of identify {unknown}
 d - 3 scrolls of teleportation {unknown}
 e - 4 scrolls of fog {unknown}
 g - 2 scrolls of remove curse {unknown}
 k - a scroll of amnesia {unknown}
 l - a scroll of blinking {unknown}
 n - a scroll of magic mapping {unknown}


   Skills:
 - Level 1.5 Dodging
 - Level 1.5 Stealth
 + Level 4.1 Spellcasting
 * Level 4.6 Conjurations


You had 8 spell levels left.
You knew the following spells:

 Your Spells              Type           Power        Failure   Level  Hunger
a - Magic Dart            Conj           ###.         2%          1    N/A
b - Searing Ray           Conj           ###...       4%          2    N/A

Your spell library contained the following spells:

 Spells                   Type           Power        Failure   Level  Hunger
 Dazzling Flash           Conj/Hex       #.....       22%         3    N/A
 Fulminant Prism          Conj/Hex       #.........   56%         4    N/A
 Iskenderun's Mystic Bla  Conj/Tloc      #.......     56%         4    N/A

Dungeon Overview and Level Annotations

Branches:
Dungeon (4/15)
 Temple: D:4-7

Altars:
Cheibriados
Fedhas
Makhleb
Okawaru


Innate Abilities, Weirdness & Mutations

You do not eat or drink.
Your flesh is vulnerable to fire.
You are immune to poison.
Your flesh is cold resistant. (rC+)
You are immune to negative energy. (rN+++)
You are immune to unholy pain and torment.
You can survive without breathing.


Message History

Aim: a hippogriff (moderately wounded)
The searing ray hits the hippogriff.
The hippogriff is moderately wounded. (Press . to maintain the ray.)
The hippogriff bites you. The hippogriff barely misses you.
The hippogriff claws you.
The searing ray hits the hippogriff.
The hippogriff is moderately wounded.
The hippogriff misses you. The hippogriff pecks you. The hippogriff claws you.
* * * LOW HITPOINT WARNING * * *
The searing ray hits the hippogriff!
The hippogriff is severely wounded.
The hippogriff closely misses you. The hippogriff barely misses you.
The hippogriff claws you but does no damage.
The searing ray hits the hippogriff.
The hippogriff is severely wounded.
You finish channeling your searing ray.
The hippogriff bites you.
* * * LOW HITPOINT WARNING * * *
The hippogriff misses you. The hippogriff claws you!
You die...

.... #.....#
#..##.#########
#....#.......#
####.#.#####.#
#..#.# #.#
##.##.# #.#
#..<..# #.#
###########.##
#....H@......#
#
#.############
#. #.# #H ##.#
#.##H.# #....##
######


You could see a hippogriff.

Vanquished Creatures
  Jessica (D:2)
  3 adders
  A gnoll (D:4)
  2 leopard geckos
  2 giant cockroaches
  6 goblins
  8 hobgoblins
  5 jackals
  A quokka (D:2)
  A ball python (D:1)
  3 bats
  3 frilled lizards
  8 kobolds
  6 rats
50 creatures vanquished.

Notes
Turn   | Place    | Note
-------+----------+-------------------------------------------
     0 | D:1      | Eurus the Mummy Conjurer began the quest for the Orb.
     0 | D:1      | Reached XP level 1. HP: 13/13 MP: 4/4
   357 | D:1      | Reached XP level 2. HP: 19/19 MP: 3/6
   530 | D:1      | Learned a level 2 spell: Searing Ray
  1249 | D:2      | Noticed Jessica
  1251 | D:2      | Killed Jessica
  1251 | D:2      | Reached XP level 3. HP: 24/24 MP: 5/8
  1391 | D:2      | Found a blossoming altar of Fedhas.
  1456 | D:2      | Reached XP level 4. HP: 30/30 MP: 2/9
  2139 | D:3      | Found a burning altar of Makhleb.
  2160 | D:3      | Found an iron altar of Okawaru.
  2162 | D:3      | Found a snail-covered altar of Cheibriados.
  2886 | D:4      | Noticed a hippogriff
  2903 | D:4      | Slain by a hippogriff

Levels and vault maps discovered:
D:1:      roderic_crossed_star, layout_loops_ring, chequers_serial_rivers_marsh,
          skrybe_limestone_x
D:2:      layout_rooms, fedhas_altar_1, uniq_jessica
D:3:      layout_rooms, nicolae_overflow_hidden_temple, first_ration,
          bloody_makhleb
D:4:      layout_basic, marbit_many_paths, temple_statues,
          gammafunk_ghost_cemetery

Skill      XL: |  1  2  3  4 |
---------------+-------------+-----
Spellcasting   | 3 4 |  4.1
Conjurations   | 4 |  4.6
Dodging        | |  1.5
Stealth        | |  1.5

Action                   |  1- 3 |  4- 6 || total
-------------------------+-------+-------++-------
Melee: Unarmed           |     4 |       ||     4
       Club              |     2 |       ||     2
       Dagger            |       |    10 ||    10
 Cast: Magic Dart        |    60 |    40 ||   100
       Searing Ray       |     2 |     4 ||     6
Armor: Robe              |     3 |     6 ||     9
Dodge: Dodged            |    12 |    22 ||    34

Table legend:
 A = Non-vault XP
 B = Vault XP
 C = Vault XP percentage of total XP
 D = Non-vault monster count
 E = Vault monster count
 F = Vault count percentage of total count
                 A         B        C        D         E       F
            +---------+---------+-------+---------+---------+-------
      Total |     131 |      37 |  22.0 |      49 |       1 |   2.0
            +---------+---------+-------+---------+---------+-------
        D:1 |      31 |       0 |   0.0 |      19 |       0 |   0.0
        D:2 |      57 |      37 |  39.4 |      18 |       1 |   5.3
        D:3 |      29 |       0 |   0.0 |      11 |       0 |   0.0
        D:4 |      14 |       0 |   0.0 |       1 |       0 |   0.0
            +---------+---------+-------+---------+---------+-------
